 Dungeon Crawl Stone Soup version 0.30-a0-613-gdd512c7efb (webtiles) character file.

Game seed: 6344474308700092595

2419211 ragingrage the Warrior (level 27, 263/263 HPs)
             Began as an Armataur Chaos Knight on Jan 8, 2023.
             Was a Follower of Uskayaw.
             Escaped with the Orb
             ... and 4 runes on Jan 9, 2023!
             The game lasted 02:39:00 (66218 turns).

ragingrage the Warrior (Armataur Chaos Knight)     Turns: 66218, Time: 02:39:00

Health: 263/263    AC: 39    Str: 24      XL:     27
Magic:  42/42      EV: 18    Int: 17      God:    Uskayaw [*.....]
Gold:   8803       SH: 17    Dex: 25 (26) Spells: 29/38 levels left

rFire   + + .      SeeInvis +    a - +8 demon blade "Leech" {vamp, Harm Drain rN+}
rCold   + . .      Faith    .    U - +0 kite shield {reflect}
rNeg    + + +      Spirit   +    x - +4 moon troll leather armour {Spirit, Regen++ MP+5}
rPois   +          Reflect  +    N - +2 helmet "Pomea" {rElec rPois Int+4}
rElec   +          Harm     +    M - +2 cloak {Will+}
rCorr   .          Roll     +    E - +1 pair of gloves of Becuatirch {rC+ Regen+}
Will    +++++      Clarity  +    y - +3 barding of Awe {Str+3}
Stlth   ++                       G - amulet of the Four Winds {rN+ Will+++ Clar}
HPRegen 3.03/turn                p - ring "Guafriy" {Fire *Corrode rN+ Dex+8 Stlth-}
MPRegen 0.28/turn                c - ring "Pasigg" {rC+ AC+4 SInv}

@: no status effects
A: large, rugged brown scales 3, deformed body, armoured tail, roll, long
tongue, awkward tongue, hooves 1, iridescent scales 1, clarity, clumsy 1, fire
resistance 1, sense surroundings 1, screaming 1, shaggy fur 1
0: Orb of Zot
}: 4/15 runes: barnacled, slimy, silver, gossamer
a: Renounce Religion, Stomp


You escaped.
You worshipped Uskayaw.
Uskayaw was greatly pleased with you.
You visited 11 branches of the dungeon, and saw 53 of its levels.
You also visited: Trove, Gauntlet, Ice Cave, Volcano and Desolation.

You collected 12252 gold pieces.
You spent 3449 gold pieces at shops.

Inventory:

Hand Weapons
 a - the +8 demon blade "Leech" (weapon) {vamp, Harm Drain rN+}
   (You found it in a treasure trove)

   It heals its wielder for a portion of the damage dealt every time it strikes
   a living foe.
   rN:        It protects you from negative energy.
   Drain:     It drains your maximum health when unequipped.
   Harm:      It increases damage dealt and taken.
 b - a +0 quick blade of flaming
 q - the +9 double sword of the Nexus {antimagic, +Blink Dex+2}
   (You found it in a treasure trove)

   Dex:       It affects your dexterity (+2).
   +Blink:    It lets you blink.
Missiles
 v - 3 throwing nets
 O - 15 silver javelins
Armour
 x - the +4 moon troll leather armour (worn) {Spirit, Regen++ MP+5}
   (You took it off a deep elf death mage on level 3 of the Elven Halls)

   MP:        It affects your magic capacity (+5).
   Regen:     It increases your rate of health regeneration.
 y - the +3 barding of Awe (worn) {Str+3}
   (You acquired it on level 5 of the Pits of Slime)

   Str:       It affects your strength (+3).
 E - the +1 pair of gloves of Becuatirch (worn) {rC+ Regen+}
   (You found it on level 4 of the Shoals)

   rC:        It protects you from cold.
   Regen:     It increases your rate of health regeneration.
 M - a +2 cloak of willpower (worn)
 N - the +2 helmet "Pomea" (worn) {rElec rPois Int+4}
   (You acquired it on level 4 of the Realm of Zot)

   Int:       It affects your intelligence (+4).
   rElec:     It insulates you from electricity.
   rPois:     It protects you from poison.
 U - a +0 kite shield of reflection (worn)
Jewellery
 c - the ring "Pasigg" (right hand) {rC+ AC+4 SInv}
   (You found it in the Desolation of Salt)

   [ring of protection]

   AC:        It affects your AC (+4).
   rC:        It protects you from cold.
   SInv:      It lets you see invisible.
 p - the ring "Guafriy" (left hand) {Fire *Corrode rN+ Dex+8 Stlth-}
   (You took it off a deep elf demonologist on level 3 of the Elven Halls)

   [ring of fire]

   It enhances your fire magic.
   Dex:       It affects your dexterity (+8).
   rF:        It protects you from fire.
   rC:        It makes you vulnerable to cold.
   rN:        It protects you from negative energy.
   *Corrode:  It may corrode you when you take damage.
   Stlth:     It makes you less stealthy.
 G - the amulet of the Four Winds (around neck) {rN+ Will+++ Clar}
   (You found it on level 8 of the Dungeon)

   [amulet of nothing]

   rN:        It protects you from negative energy.
   Clar:      It protects you against confusion.
   Will:      It greatly increases your willpower.
 W - the ring of Balance {Will- rCorr Str+5 Int+5}
   (You found it in the Desolation of Salt)

   [ring of resist corrosion]

   Str:       It affects your strength (+5).
   Int:       It affects your intelligence (+5).
   rCorr:     It protects you from acid and corrosion.
   Will:      It decreases your willpower.
Wands
 D - a wand of mindburst (19)
 I - a wand of charming (28)
 Q - a wand of acid (22)
 S - a wand of flame (38)
 T - a wand of digging (17)
 V - a wand of iceblast (50)
Scrolls
 f - 8 scrolls of blinking
 i - 6 scrolls of fog
 m - 17 scrolls of teleportation
 r - 6 scrolls of immolation
 s - 5 scrolls of fear
 H - 3 scrolls of silence
 J - 4 scrolls of summoning
 K - 10 scrolls of poison
 X - 7 scrolls of magic mapping
 Y - 2 scrolls of enchant armour
Potions
 d - 17 potions of heal wounds
 e - 8 potions of might
 g - 17 potions of attraction
 h - 5 potions of mutation
 j - 11 potions of lignification
 k - 28 potions of curing
 l - 13 potions of magic
 n - 11 potions of ambrosia
 o - 9 potions of haste
 z - 13 potions of flight
 B - 12 potions of brilliance
 F - 5 potions of berserk rage
 L - 4 potions of resistance
 P - 14 potions of invisibility
 R - 4 potions of cancellation
Miscellaneous
 t - a box of beasts
 u - a condenser vane
 A - a tin of tremorstones (2/2)
 C - a phantom mirror
 Z - a phial of floods


   Skills:
 - Level 20.0 Fighting
 - Level 16.0 Long Blades
 - Level 9.0 Throwing
 - Level 17.0 Armour
 - Level 13.0 Dodging
 - Level 18.0 Stealth
 - Level 19.0 Shields
 - Level 6.0 Spellcasting
 + Level 15.8 Translocations
 - Level 8.0 Transmutations
 - Level 20.0 Invocations
 - Level 16.0 Evocations


You had 29 spell levels left.
You knew the following spells:

 Your Spells              Type           Power      Damage    Failure   Level
a - Wereblood             Tmut           32%        N/A       1%          2
b - Apportation           Tloc           100%       N/A       1%          1
c - Blink                 Tloc           100%       N/A       1%          2
d - Manifold Assault      Tloc           56%        N/A       1%          4

Your spell library contained the following spells:

 Spells                   Type           Power      Damage    Failure   Level
 Momentum Strike          Conj/Tloc      64%        3d9       1%          2
 Gell's Gravitas          Tloc           56%        N/A       1%          3
 Lesser Beckoning         Tloc           100%       N/A       1%          3
 Teleport Other           Tloc           56%        N/A       1%          3
 Portal Projectile        Hex/Tloc       64%        N/A       2%          3
 Dispersal                Tloc           28%        N/A       4%          6
 Passwall                 Tmut/Erth      15%        N/A       5%          2
 Kindle Blastsparks       Fire/Tloc/Air  68%        2d15      6%          3
 Kiss of Death            Conj/Necr      20%        2d7       19%         1
 Necrotise                Necr           20%        1d5       19%         1
 Shock                    Conj/Air       20%        1d4       19%         1
 Summon Small Mammal      Summ           20%        N/A       19%         1
 Ignite Poison            Fire/Tmut/Pois 21%        N/A       19%         3
 Blade Hands              Tmut           16%        N/A       19%         5
 Summon Forest            Summ/Tloc      16%        N/A       21%         5
 Cigotuvi's Dreadful Rot  Necr/Pois/Air  10%        N/A       28%         2
 Ensorcelled Hibernation  Hex/Ice        10%        N/A       28%         2
 Poisonous Vapours        Pois/Air       10%        N/A       28%         2
 Static Discharge         Conj/Air       10%        2-3/arc   28%         2
 Sublimation of Blood     Necr           5%         N/A       28%         2
 Ice Form                 Ice/Tmut       18%        N/A       34%         4
 Petrify                  Tmut/Erth      18%        N/A       34%         4
 Call Canine Familiar     Summ           5%         N/A       50%         3
 Confusing Touch          Hex            5%         N/A       50%         3
 Dazzling Flash           Conj/Hex       10%        N/A       50%         3
 Hailstorm                Conj/Ice       5%         3d4       50%         3
 Inner Flame              Hex/Fire       7%         N/A       50%         3
 Mephitic Cloud           Conj/Pois/Air  5%         N/A       50%         3
 Ozocubu's Armour         Ice            5%         N/A       50%         3
 Summon Guardian Golem    Hex/Summ       5%         N/A       50%         3
 Swiftness                Air            5%         N/A       50%         3
 Vampiric Draining        Necr           5%         2d6       50%         3
 Alistair's Intoxication  Tmut/Pois      12%        N/A       69%         5
 Irradiate                Conj/Tmut      9%         3d14      69%         5
 Yara's Violent Unravell  Hex/Tmut       9%         3d6       69%         5
 Airstrike                Air            2%         2d(1-17)  88%         4
 Anguish                  Hex/Necr       2%         N/A       88%         4
 Animate Armour           Summ/Erth      10%        N/A       88%         4
 Animate Dead             Necr           5%         N/A       88%         4
 Cause Fear               Hex            2%         N/A       88%         4
 Dispel Undead            Necr           5%         3d7       88%         4
 Flame Wave               Conj/Fire      7%         2d5       88%         4
 Leda's Liquefaction      Hex/Erth       2%         N/A       88%         4
 Sticky Flame             Conj/Fire      7%         2d3       88%         4
 Summon Ice Beast         Ice/Summ       5%         N/A       88%         4
 Summon Lightning Spire   Summ/Air       5%         N/A       88%         4
 Disjunction              Tloc           28%        N/A       88%         8
 Agony                    Necr           5%         N/A       99%         5
 Fireball                 Conj/Fire      3%         3d4       99%         5
 Freezing Cloud           Conj/Ice/Air   2%         6-21      99%         5
 Iskenderun's Battlesphe  Conj           5%         2d6       99%         5
 Lee's Rapid Deconstruct  Erth           2%         3d5*      99%         5
 Lightning Bolt           Conj/Air       2%         1d14      99%         5
 Metabolic Englaciation   Hex/Ice        2%         N/A       99%         5
 Silence                  Hex/Air        2%         N/A       99%         5
 Summon Mana Viper        Hex/Summ       5%         N/A       99%         5
 Eringya's Noxious Bog    Tmut/Pois      9%         N/A       99%         6
 Statue Form              Tmut/Erth      12%        N/A       99%         6
 Dragon Form              Tmut           16%        N/A       99%         7
 Conjure Ball Lightning   Conj/Air       2%         3x3d6     100%        6
 Iron Shot                Conj/Erth      2%         9d2       100%        6
 Simulacrum               Ice/Necr       2%         N/A       100%        6
 Summon Cactus Giant      Summ           2%         N/A       100%        6
 Enfeeble                 Hex            2%         N/A       100%        7
 Monstrous Menagerie      Summ           2%         N/A       100%        7
 Orb of Destruction       Conj           2%         9d5       100%        7
 Ozocubu's Refrigeration  Ice            2%         4d8       100%        7
 Spellforged Servitor     Conj/Summ      2%         N/A       100%        7
 Storm Form               Tmut/Air       9%         N/A       100%        7
 Summon Hydra             Summ           2%         N/A       100%        7
 Discord                  Hex            2%         N/A       100%        8
 Lehudib's Crystal Spear  Conj/Erth      2%         10d2      100%        8
 Maxwell's Capacitive Co  Air            2%         ∞         100%        8
 Chain Lightning          Conj/Air       2%         3d3       100%        9
 Dragon's Call            Summ           2%         N/A       100%        9
 Fire Storm               Conj/Fire      3%         8d1       100%        9
 Polar Vortex             Ice            2%         N/A       100%        9
 Shatter                  Erth           2%         3d6*      100%        9


Dungeon Overview and Level Annotations

Branches:
Dungeon (15/15)            Temple (1/1) D:6            Lair (5/5) D:8
 Shoals (4/4) Lair:2       Spider (4/4) Lair:2        Slime (5/5) Lair:5
    Orc (2/2) D:12            Elf (3/3) Orc:2        Vaults (5/5) D:13
  Crypt (0/3) Vaults:2     Depths (4/4) D:15            Zot (5/5) Depths:4
  IceCv (visited)         Volcano (visited)         Desolation (visited)
Gauntlet (visited)

Altars:
Ashenzari
Cheibriados
Elyvilon
Gozag
Hepliaklqana
Makhleb
Okawaru
Qazlal
Ru
Sif Muna
Trog
Uskayaw
Wu Jian
Xom
Zin
Jiyva

Shops:
D:2 [   D:5 *   D:12 [   D:13 !   Orc:2 ![(=   Elf:1 [   Elf:3 [   Vaults:2 =[(
Vaults:3 ?   Vaults:5 *   Depths:1 =*=

Portals:
Hell: Depths:1 Depths:2 Depths:3 Depths:4
Abyss: Depths:2 Depths:3 Depths:4
Pandemonium: Depths:2
Ziggurat: Depths:3

Annotations:
Shoals:3 Fly
Elf:2 3 runed translucent doors
Zot:1 exclusion: door
Zot:3 3 runed translucent doors, Gehih's ghost, veteran MiBe


Innate Abilities, Weirdness & Mutations

You are completely covered in rugged brown scales. (AC +3, +7% HP)
Armour fits poorly on your strangely shaped body.
You have a long armoured tail.
You roll when moving toward enemies. (Rampage)
Your long tongue fully drains potion bottles. (2x potion effects)
Your tongue gives you trouble enunciating. (1.5x scroll delay)
You have large cloven feet.
You are partially covered in iridescent scales. (AC +2)
You possess an exceptional clarity of mind.
You are clumsy. (Dex -2)
Your flesh is heat resistant. (rF+)
You passively map a small area around you.
You occasionally shout uncontrollably at your foes.
You are covered in fur. (AC +1)


Message History

Aiming: Dig
Press: ? - help, Shift-Dir - straight line This square is covered in magical glow.
The rock shatters into small pieces.
There is a stone staircase leading up here.
You climb upwards.
There is a stone staircase leading down here.
(D) Dungeon (T) Temple (L) Lair (A) Shoals (N) Spider Nest (M) Slime Pits (O) Orcish Mines (E) Elven Halls (V) Vaults (C) Crypt (U) Depths (H) Hell (Z) Zot
Where to? (Enter - D:1 @ (x,y), ? - help)
What level of the Dungeon? (default 1, ? - help)
You see here a +0 short sword.
There is a stone staircase leading up here.
You climb upwards.
There is a stone staircase leading down here.
Your extra speed is starting to run out.
You feel yourself slow down.
There is a stone staircase leading up here.
You climb upwards.
There is a stone staircase leading down here.
There is a stone staircase leading up here.
You climb upwards.
There is a stone staircase leading down here.
There is a stone staircase leading up here.
You climb upwards.
There is a stone staircase leading down here.
There is a stone staircase leading up here.
You climb upwards.
There is a stone staircase leading down here.
There is an open door here.
There is a stone staircase leading up here.
You climb upwards.
There is a stone staircase leading down here.
There is a stone staircase leading up here.
You climb upwards.
There is a stone staircase leading down here.
There is a staircase leading out of the dungeon here.
You have escaped!

......##.................##......
.............#....#..............
............##....#..............
...##.......#######..............
............############.........
............##......#............
............#..####..........##..
..............#+.#+#.............
.....#####.##.#.@>.#.............
.......#......#'.#+#......##.....
##.......≈≈≈≈..####..≈≈≈≈..#.....
#......≈≈≈≈≈≈......§§≈≈≈≈.#.....
#......≈≈≈≈≈≈......§§§§§≈.#.....
#......≈≈≈≈≈≈......§§§§≈≈.......
####.#..≈≈≈≈.......(≈≈§≈...#####
#..........##.#.........#
###...........###########


There were no monsters in sight!

Vanquished Creatures
  the Royal Jelly (Slime:5)
  4 dread liches
  Tiamat (Zot:5)
  10 orbs of fire
  5 ancient liches
  A juggernaut (Depths:3)
  Sojobo (Vaults:3)
  Bai Suzhen (Spider:4)
  A curse toe (Zot:4)
  7 Killer Klowns
  2 caustic shrikes
  14 golden dragons
  A bone dragon (Depths:4)
  Arachne (Spider:4)
  3 electric golems
  Mlioglotl (Shoals:1)
  22 tentacled monstrosities
  A walking frostbound tome (Depths:3)
  2 deep elf master archers (Elf:3)
  A lich (Depths:4)
  26 Orb Guardians
  5 quicksilver dragons
  A deep elf blademaster (Elf:3)
  6 titans
  24 acid blobs
  9 sphinxes
  7 death cobs
  15 shadow dragons
  Gastronok (Lair:3)
  8 tengu reavers
  Roxanne (Spider:4)
  12 storm dragons
  A revenant (Vaults:2)
  Donald (Spider:1)
  5 draconian monks
  6 deep elf sorcerers
  8 draconian knights
  9 fire giants
  14 rockslimes
  9 emperor scorpions
  The ghost of NinjaNoafa the Jinx, an adept VSFi of Ashenzari (Spider:2)
  5 azure jellies
  2 imperial myrmidons (Desolation)
  3 iron dragons
  The ghost of gregwegmann the Bludgeoner, a journeyman DsFi of Okawaru (Spider:1)
  12 frost giants
  5 draconian shifters
  13 vault wardens
  A ghost moth (shapeshifter) (D:15)
  A draconian scorcher (Zot:1)
  2 reapers (IceCv)
  3 deep elf elementalists (Elf:3)
  2 spriggan defenders (Depths:2)
  A ghoul (Vaults:2)
  17 ironbound preservers
  10 ghost moths
  A broodmother (Spider:3)
  4 quicksilver oozes
  3 war gargoyles
  11 draconian annihilators
  3 orc warlords
  4 draconian stormcallers
  27 very ugly things
  22 stone giants
  5 ironbound thunderhulks
  7 deep elf demonologists
  11 dire elephants
  13 black draconians
  A vampire knight (Depths:3)
  10 green draconians
  12 white draconians
  Nessos (D:15)
  10 red draconians
  7 deep elf annihilators (Elf:3)
  8 purple draconians
  2 halazid warlocks (Desolation)
  A minotaur (Gauntlet)
  4 spark wasps
  15 yellow draconians
  5 crystal guardians
  A green death (Zot:2)
  6 deep elf death magi
  13 ettins
  12 fire dragons
  5 ragged hierophants (Desolation)
  5 merfolk javelineers
  20 yaktaur captains
  10 merfolk impalers
  10 ice dragons
  An entropy weaver (shapeshifter) (D:15)
  4 deep elf high priests
  14 great orbs of eyes
  4 hydras
  10 entropy weavers
  4 rakshasas
  26 vault guards
  A hell beast (D:10)
  7 jorogumos
  11 peacekeepers
  11 servants of whispers (Desolation)
  7 spriggan air magi
  Erolcha (Orc:2)
  9 ironbound frosthearts
  3 ogre magi (Vaults:5)
  The ghost of pokeman the Eclecticist, a journeyman DEHW of Vehumet (D:12)
  7 boulder beetles
  16 centaur warriors
  2 merfolk avatars
  3 caustic shrike simulacra (IceCv)
  3 alligator snapping turtles
  2 catoblepae
  18 dancing weapons
  2 death scarabs (Spider:1)
  8 deep troll shamans
  3 two-headed ogres
  3 hell hogs (Zot:2)
  6 merfolk aquamancers
  2 satyrs
  12 radroaches
  5 tengu warriors
  A vampire mage (Depths:2)
  10 deep troll earth magi
  An orc high priest (Orc:2)
  A shock serpent (shapeshifter) (Vaults:5)
  3 spriggan berserkers
  16 hell knights
  8 death yaks
  Urug (Lair:2)
  9 deep elf knights
  3 sixfirhies
  3 skeletal warriors (D:14)
  Lodul (D:11)
  9 pharaoh ants
  10 iron trolls
  A storm dragon skeleton (Vaults:2)
  A sea snake (shapeshifter) (Depths:2)
  14 sea snakes
  A flayed ghost (Vaults:2)
  7 glowing orange brains
  A shadow demon (Depths:2)
  62 deep trolls
  A bog body (IceCv)
  6 deep elf archers
  2 glowing orange brains (shapeshifter) (Vaults:5)
  14 orb spiders
  An orb spider (shapeshifter) (Depths:4)
  20 harpies
  A swamp dragon (Lair:5)
  3 wizards
  4 steelbarb worms
  4 lindwurms
  2 obsidian statues (IceCv)
  2 orange crystal statues
  19 ironbound convokers
  26 deep elf pyromancers
  A spriggan simulacrum (IceCv)
  10 phantasmal warriors
  7 orc knights
  9 necromancers
  The ghost of tnk the Thaumaturge, a novice DEVM of Ru (D:7)
  8 shining eyes
  23 deep elf zephyrmancers
  A mana viper (shapeshifter) (Depths:2)
  29 wolf spiders
  6 orc sorcerers
  2 oklob plants
  A wolf spider (shapeshifter) (Depths:2)
  38 ugly things
  A tengu skeleton (Vaults:2)
  7 fauns
  A salamander (Depths:4)
  An elephant (shapeshifter) (Vaults:5)
  11 cyclopes
  12 manticores
  3 elephants (Lair:5)
  39 moths of wrath
  2 ice statues
  3 black mambas
  4 water nymphs
  14 merfolk sirens
  An elf zombie (Vaults:2)
  12 torpor snails
  A smoke demon (Depths:2)
  22 vault sentinels
  3 guardian serpents (Desolation)
  A molten gargoyle (Volcano)
  An eye of devastation (Slime:5)
  A torpor snail (shapeshifter) (Vaults:5)
  8 cane toads
  6 gargoyles
  7 demonic crawlers
  3 rime drakes
  An unseen horror (D:11)
  25 yaktaurs
  A hellion (Zot:5)
  4 kobold demonologists (D:12)
  An ice devil (Depths:2)
  9 freezing wraiths
  2 tengu conjurers
  An efreet (D:13)
  11 komodo dragons
  A red devil (Depths:2)
  4 golden dragon simulacra (IceCv)
  4 polar bears
  10 trolls
  3 tyrant leeches (Lair:5)
  26 merfolk
  A meliai (shapeshifter) (D:14)
  9 hornets
  A queen bee (shapeshifter) (Elf:2)
  7 wind drakes
  5 snapping turtles
  Grinder (D:5)
  59 saltlings (Desolation)
  16 dream sheep
  A blink frog (shapeshifter) (Depths:2)
  35 tarantellas
  A large abomination (Zot:5)
  A human simulacrum (Vaults:5)
  An ettin zombie (Vaults:2)
  2 dream sheep (shapeshifter)
  11 blink frogs
  93 slime creatures
  2 air elementals (Elf:2)
  A snapping turtle (shapeshifter) (Depths:4)
  2 ettin skeletons
  3 spriggans
  A slime creature (shapeshifter) (Vaults:5)
  39 jumping spiders
  18 culicivoras
  A shadow (D:12)
  9 water elementals
  33 yaks
  An unseen horror simulacrum (D:9)
  2 wyverns
  3 fire elementals
  5 wraiths
  9 golden eyes
  Eustachio (D:4)
  Grum (D:8)
  58 redbacks
  11 vampire mosquitoes
  3 basilisks
  2 minotaur simulacra (IceCv)
  4 steam dragons
  4 wargs
  Duvessa (D:5)
  6 acid dragons
  3 swamp drakes
  9 water moccasins
  3 hydra simulacra (IceCv)
  An ogre skeleton (Vaults:5)
  2 sky beasts (D:8)
  5 black bears
  25 orc warriors
  An ice beast (D:8)
  2 ettin simulacra (IceCv)
  10 ogres
  3 boggarts (D:14)
  11 centaurs
  22 wolves
  8 kobold brigands (D:12)
  An earth elemental (Elf:1)
  9 bullfrogs
  3 scorpions
  Dowan (D:5)
  3 howler monkeys
  2 jellies (D:6)
  4 hounds
  21 orc priests
  A gnoll bouda (D:6)
  9 iguanas
  33 orc wizards
  5 gnolls (D:6)
  2 adders
  2 white imps
  An ufetubus (D:5)
  A worm (D:3)
  5 dart slugs
  101 orcs
  6 bats
  4 endoplasms
  6 giant cockroaches
  5 goblins
  9 hobgoblins
  2 quokkas
  8 ball pythons
  4 frilled lizards
  8 kobolds
  6 rats
  A butterfly (Lair:2)
  4 pillars of salt (Vaults:3)
2309 creatures vanquished.

Vanquished Creatures (collateral kills)
  3 caustic shrikes (Depths:4)
  An Orb Guardian (Zot:5)
  A deep elf blademaster (Elf:3)
  A tengu reaver (Vaults:3)
  A draconian scorcher (Zot:5)
  A deep elf demonologist (Elf:3)
  2 black draconians (Zot:5)
  A green draconian (Zot:5)
  2 deep elf annihilators (Elf:3)
  2 yellow draconians (Zot:5)
  A merfolk impaler (Shoals:2)
  A deep elf death mage (Elf:3)
  A pharaoh ant (Lair:2)
  A deep elf archer (Elf:3)
  An ironbound convoker (Vaults:3)
  3 manticores
  A cyclops (Shoals:1)
  An ugly thing (D:14)
  3 yaks (Lair:2)
  A wyvern (Lair:2)
  2 redbacks (Spider:1)
  A tengu (Lair:3)
  A howler monkey (D:6)
33 creatures vanquished.

Vanquished Creatures (others)
  A shadow dragon (Zot:1)
  A merfolk javelineer (Shoals:4)
  An entropy weaver (Spider:1)
  A deep elf knight (Elf:3)
  2 deep elf zephyrmancers (Elf:3)
  A necromancer (Gauntlet)
  A vault sentinel (Vaults:5)
  A yak (Lair:2)
  An acid dragon (D:13)
  2 wolves (Gauntlet)
  An orc (Orc:2)
  A bush (Lair:4)
  39 fungi
  3 pillars of salt (Vaults:3)
  175 plants
231 creatures vanquished.

Grand Total: 2573 creatures vanquished

Notes
Turn   | Place    | Note
-------+----------+-------------------------------------------
     0 | D:1      | ragingrage the Armataur Chaos Knight began the quest for
                  | the Orb.
     0 | D:1      | Reached XP level 1. HP: 19/19 MP: 1/1
    54 | D:1      | Reached XP level 2. HP: 24/26 MP: 2/2
   480 | D:1      | XOM: silly message
   630 | D:2      | Found a burning altar of Makhleb.
   708 | D:2      | Reached skill level 1 in Stealth
   708 | D:2      | Reached XP level 3. HP: 32/32 MP: 3/3
   735 | D:2      | Found Ywarap's Antique Armour Emporium.
  1046 | D:2      | XOM: divination: magic mapping
  1405 | D:3      | XOM: noise
  1408 | D:3      | Reached XP level 4. HP: 38/39 MP: 4/4
  1453 | D:3      | Identified the +9 long sword "Buexuq" {spect, Int+3 Stlth+}
  1997 | D:3      | XOM: give mutations
  1997 | D:3      | Gained mutation: You occasionally shout uncontrollably at
                  | your foes. [Xom's mischief]
  1997 | D:3      | Gained mutation: You are clumsy. (Dex -2) [Xom's mischief]
  1997 | D:3      | Gained mutation: You are frail. (-10% HP) [Xom's mischief]
  2006 | D:3      | XOM: summons 3 hostile demons
  2062 | D:3      | XOM: silly message
  2083 | D:3      | XOM: god gift: wand of iceblast (3)
  2131 | D:3      | XOM: god gift: slimy ring mail {god gift}
  2131 | D:3      | Identified the +0 ring mail of Xom's Ringing Laughter
                  | {rPois Dex+3} (Xom gifted it to you on level 3 of the
                  | Dungeon)
  2167 | D:3      | Found a snail-covered altar of Cheibriados.
  2335 | D:4      | Noticed Eustachio
  2338 | D:4      | XOM: summons 4 friendly demons
  2340 | D:4      | XOM: fake destruction
  2380 | D:4      | Killed Eustachio
  2381 | D:4      | Reached skill level 5 in Long Blades
  2381 | D:4      | Reached XP level 5. HP: 40/40 MP: 5/5
  2391 | D:4      | Reached XP level 6. HP: 48/48 MP: 6/6
  2754 | D:4      | Found a broken altar of Ashenzari.
  3020 | D:2      | Bought an encrusted scale mail for 234 gold pieces
  3020 | D:2      | Identified the +1 scale mail "Hitusog" {rPois rN+ Int+4
                  | Slay+3} (You bought it in a shop on level 2 of the Dungeon)
  3092 | D:5      | Entered Level 5 of the Dungeon
  3172 | D:5      | Found Ilaozeh's Assorted Antiques.
  3178 | D:5      | Identified the +4 whip "Viass" {heavy, rN+ Str+9 SInv
                  | Stlth-}
  3193 | D:5      | Bought a metallic yellow potion for 20 gold pieces
  3213 | D:5      | XOM: scenery: create altars
  3239 | D:5      | Noticed Grinder
  3244 | D:5      | Killed Grinder
  3245 | D:5      | Reached XP level 7. HP: 49/54 MP: 7/7
  3253 | D:5      | XOM: god gift: 44 gold pieces
  3268 | D:5      | XOM: torment (31/54 hp)
  3550 | D:5      | Noticed Dowan
  3551 | D:5      | Noticed Duvessa
  3576 | D:5      | XOM: enchant monster (good)
  3580 | D:5      | Killed Duvessa
  3626 | D:5      | Killed Dowan
  3824 | D:5      | XOM: god gift: potion of attraction
  3846 | D:6      | XOM: cast spell 'Summon Hydra'
  3853 | D:6      | Reached XP level 8. HP: 60/60 MP: 8/8
  3912 | D:6      | Found a staircase to the Ecumenical Temple.
  3939 | Temple   | Entered the Ecumenical Temple
  4105 | D:5      | Bought a wooden wand for 92 gold pieces
  4129 | D:6      | Noticed a two-headed ogre
  4133 | D:6      | XOM: smoke on damage
  4133 | D:6      | XOM: smoke on damage
  4134 | D:6      | Killed a two-headed ogre
  4135 | D:6      | Reached skill level 5 in Shields
  4308 | D:6      | XOM: god gift: ring mail {god gift}
  4358 | D:6      | Reached XP level 9. HP: 61/65 MP: 9/9
  4493 | D:6      | XOM: fog
  4869 | D:7      | XOM: divination: detect creatures
  4931 | D:7      | Found a hazy altar of Hepliaklqana.
  5110 | D:7      | XOM: scenery: summon butterflies
  5151 | D:7      | Found a hide-covered altar of Uskayaw.
  5276 | D:7      | Found a runed translucent gate.
  5277 | D:7      | Found a runed translucent gate.
  5277 | D:7      | Noticed tnk's ghost (novice DEVM)
  5278 | D:7      | Found a runed translucent gate.
  5281 | D:7      | Identified the +3 chain mail of Tufuh {Int+7}
  5335 | D:8      | Reached skill level 10 in Long Blades
  5349 | D:8      | XOM: noise
  5387 | D:8      | XOM is BORED!
  5405 | D:8      | Found the amulet of the Four Winds {rN+ Will+++ Clar}
  5448 | D:8      | Found a staircase to the Lair.
  5462 | D:8      | XOM: 2-stop teleportation journey
  5532 | D:8      | XOM: god gift: club {god gift}
  5563 | D:8      | Found an ornate altar of the Wu Jian Council.
  5563 | D:8      | Noticed Grum
  5563 | D:8      | XOM: confuse monster(s)
  5573 | D:8      | Killed Grum
  5809 | D:8      | XOM: god gift: +5 ring of evasion
  5812 | D:8      | XOM: scenery: summon butterflies
  6083 | D:9      | XOM: cleaving
  6103 | D:9      | XOM: butterfly on damage
  6108 | D:9      | Reached XP level 10. HP: 54/71 MP: 10/10
  6229 | D:9      | Noticed a two-headed ogre
  6232 | D:9      | XOM: cleaving
  6314 | D:9      | XOM: 3-stop teleportation journey
  6347 | D:9      | Identified the +5 mace of Destiny {flame, rCorr}
  6507 | D:9      | Noticed a centaur warrior
  6508 | D:9      | Noticed a two-headed ogre
  6508 | D:9      | Noticed a manticore
  6514 | D:9      | XOM: butterfly on damage
  6524 | D:9      | Killed a centaur warrior
  6527 | D:9      | Killed a two-headed ogre
  6532 | D:9      | Killed a manticore
  6532 | D:9      | Noticed a six-headed hydra
  6707 | D:9      | XOM: give mutation
  6707 | D:9      | Gained mutation: You have sharp toenails. [Xom's grace]
  6784 | Lair:1   | Entered Level 1 of the Lair of Beasts
  6807 | Lair:1   | Noticed an oklob plant
  6817 | Lair:1   | Killed an oklob plant
  6894 | Lair:1   | XOM: cleaving
  6895 | Lair:1   | XOM: cleaving
  6906 | Lair:1   | Reached skill level 10 in Shields
  7027 | Lair:1   | XOM: scenery: summon butterflies
  7101 | Lair:1   | XOM: divination: detect creatures
  7137 | Lair:1   | XOM: fog
  7138 | Lair:1   | Reached XP level 11. HP: 78/78 MP: 11/11
  7241 | Lair:1   | Noticed a catoblepas
  7251 | Lair:1   | Killed a catoblepas
  7364 | Lair:1   | XOM: summons 7 friendly demons
  7928 | Lair:2   | Found a staircase to the Shoals.
  7958 | Lair:2   | Reached skill level 1 in Dodging
  7977 | Lair:2   | Reached skill level 1 in Evocations
  7977 | Lair:2   | XOM: 1-stop teleportation journey
  8089 | Lair:2   | XOM: 2-stop teleportation journey
  8096 | Lair:2   | Noticed Urug
  8108 | Lair:2   | XOM: cleaving
  8109 | Lair:2   | Killed Urug
  8111 | Lair:2   | XOM: potion effect (invisibility)
  8115 | Lair:2   | XOM: enchant monster (bad)
  8117 | Lair:2   | Noticed a pharaoh ant
  8126 | Lair:2   | XOM: 2-stop teleportation journey
  8146 | Lair:2   | XOM: 2-stop teleportation journey
  8176 | Lair:2   | XOM: enchant monster (bad)
  8188 | Lair:2   | Reached skill level 5 in Stealth
  8189 | Lair:2   | XOM: summons 10 friendly demons
  8200 | Lair:2   | Found a hole to the Spider Nest.
  8202 | Lair:2   | Killed a pharaoh ant
  8210 | Lair:2   | Reached skill level 5 in Armour
  8219 | Lair:2   | Reached XP level 12. HP: 76/89 MP: 12/12
  8349 | Lair:2   | XOM: cast spell 'Discord'
  8355 | Lair:2   | XOM: scenery: create altars
  8697 | Lair:2   | Noticed an eight-headed hydra
  8763 | Lair:2   | Noticed a seven-headed hydra
  8777 | Lair:2   | XOM: silly message
  8847 | Lair:3   | XOM: scenery: summon butterflies
  8938 | Lair:3   | Noticed a catoblepas
  8945 | Lair:3   | Killed a catoblepas
  8946 | Lair:3   | Reached skill level 5 in Fighting
  8977 | Lair:3   | Noticed a six-headed hydra
  8980 | Lair:3   | XOM is BORED!
  8980 | Lair:3   | XOM: confusion
  8983 | Lair:3   | XOM: polymorph water moccasin -> tengu
  8983 | Lair:3   | XOM: smoke on damage
  8985 | Lair:3   | XOM: cast spell 'Call Canine Familiar'
  8987 | Lair:3   | Killed a six-headed hydra
  9015 | Lair:3   | XOM: 1-stop teleportation journey
  9062 | Lair:3   | XOM: enchant monster (good)
  9076 | Lair:3   | Found a gate leading to a gauntlet.
  9088 | Gauntlet | Entered a Gauntlet
  9088 | Gauntlet | Found a transporter.
  9088 | Gauntlet | Found a transporter.
  9093 | Gauntlet | Found a transporter.
  9108 | Gauntlet | Found a transporter.
  9122 | Gauntlet | Found a transporter.
  9135 | Gauntlet | Found a transporter.
  9142 | Gauntlet | Noticed a catoblepas
  9153 | Gauntlet | Found a transporter.
  9221 | Gauntlet | Found a transporter.
  9236 | Gauntlet | Found a transporter.
  9238 | Gauntlet | Found a large runed translucent door.
  9238 | Gauntlet | Found a large runed translucent door.
  9239 | Gauntlet | Found a large runed translucent door.
  9239 | Gauntlet | Found a large runed translucent door.
  9240 | Gauntlet | Found a large runed translucent door.
  9240 | Gauntlet | Found a runed translucent door.
  9240 | Gauntlet | Found a large runed translucent door.
  9240 | Gauntlet | Found a runed translucent door.
  9240 | Gauntlet | Found a large runed translucent door.
  9240 | Gauntlet | Found a large runed translucent door.
  9241 | Gauntlet | Found a large runed translucent door.
  9241 | Gauntlet | Found a large runed translucent door.
  9244 | Gauntlet | Found a large runed translucent door.
  9244 | Gauntlet | Found a large runed translucent door.
  9246 | Gauntlet | Found a large runed translucent door.
  9246 | Gauntlet | Found a large runed translucent door.
  9246 | Gauntlet | Found a large runed translucent door.
  9248 | Gauntlet | Found a runed translucent gate.
  9248 | Gauntlet | Found a runed translucent gate.
  9248 | Gauntlet | Found a runed translucent gate.
  9250 | Gauntlet | Found a transporter.
  9261 | Gauntlet | Found a large runed translucent door.
  9263 | Gauntlet | Found a transporter.
  9282 | Gauntlet | Found a transporter.
  9351 | Gauntlet | Found a transporter.
  9361 | Gauntlet | Found a transporter.
  9374 | Gauntlet | Found a transporter.
  9396 | Gauntlet | XOM: cloud trail
  9422 | Gauntlet | Found a transporter.
  9427 | Gauntlet | XOM: scenery: summon butterflies
  9443 | Gauntlet | Reached skill level 5 in Evocations
  9445 | Gauntlet | XOM: divine lightning
  9551 | Gauntlet | XOM: potion effect (invisibility)
  9584 | Gauntlet | Noticed a minotaur
  9597 | Gauntlet | Killed a minotaur
  9601 | Gauntlet | Identified the ring of Ykaappuo {Ice Str+4 Dex+6}
  9984 | Lair:3   | XOM: give mutations
  9984 | Lair:3   | Gained mutation: You have a pair of small horns on your
                  | head. [Xom's grace]
  9984 | Lair:3   | Gained mutation: You have razor-sharp toenails. [Xom's
                  | grace]
  9993 | Lair:3   | Noticed Gastronok
 10001 | Lair:3   | Killed Gastronok
 10101 | Lair:3   | You fall into a shaft and drop 2 floors!
 10101 | Lair:5   | Entered Level 5 of the Lair of Beasts
 10117 | Lair:5   | XOM: 3-stop teleportation journey
 10165 | Lair:4   | Reached XP level 13. HP: 58/100 MP: 13/13
 10179 | Lair:4   | XOM: god gift: scroll labelled HOTSIR WI LORE {god gift}
 10237 | Lair:5   | XOM: destruction
 10239 | Lair:5   | XOM: noise
 10242 | Lair:5   | XOM: blink monster(s)
 10246 | Lair:5   | XOM: polymorph blink frog -> spriggan
 10402 | Lair:5   | XOM: blink monster(s)
 10406 | Lair:5   | XOM: summons 2 friendly demons
 10408 | Lair:5   | XOM: smoke on damage
 10451 | Lair:5   | XOM: give mutation
 10451 | Lair:5   | Gained mutation: You frequently scream uncontrollably at
                  | your foes. [Xom's mischief]
 10480 | Lair:5   | XOM: chaos cloud
 10529 | Lair:4   | XOM: silly message
 10563 | Lair:5   | XOM: cast spell 'Chain of Chaos'
 10613 | Lair:5   | XOM: noise
 10618 | Lair:5   | XOM: cast spell 'Dispersal'
 10621 | Lair:5   | Found a staircase to the Slime Pits.
 10622 | Lair:5   | Found a viscous altar of Jiyva.
 11049 | Lair:5   | Reached skill level 10 in Stealth
 11082 | Lair:5   | XOM: draining
 11444 | Lair:4   | XOM: 1-stop teleportation journey
 11521 | Lair:4   | XOM: summons 2 friendly demons
 11526 | Lair:4   | XOM: summons friendly iron imp
 11902 | Lair:3   | XOM: noise
 12168 | Lair:4   | XOM: noise
 12193 | Lair:3   | XOM: cast spell 'Metabolic Englaciation'
 12385 | Lair:4   | XOM: potion effect (invisibility)
 12392 | Lair:4   | XOM: potion effect (curing)
 12770 | Lair:5   | Noticed a fire dragon
 12817 | Lair:5   | XOM: cast spell 'Necromutation'
 12977 | Lair:5   | XOM: confuse monster(s)
 12991 | Lair:5   | Killed a fire dragon
 12992 | Lair:5   | Reached skill level 10 in Fighting
 12997 | Lair:5   | XOM: give mutation
 12997 | Lair:5   | Gained mutation: You are very frail. (-20% HP) [Xom's
                  | mischief]
 13048 | Lair:5   | XOM: give mutation
 13048 | Lair:5   | Lost mutation: You are clumsy. (Dex -2) [Xom's mischief]
 13109 | Lair:5   | Found a runed translucent door.
 13111 | Lair:5   | Noticed a fire dragon
 13264 | Lair:5   | XOM: polymorph torpor snail -> orb spider
 13437 | Lair:5   | Killed a fire dragon
 13496 | Lair:5   | XOM: summons 7 hostile demons
 13692 | Lair:5   | XOM: enchant monster (bad)
 13977 | D:9      | Identified the ring "Uhudgh" {rF+ rC+ Int+6}
 13994 | D:9      | XOM: blink monster(s)
 14064 | D:9      | Reached XP level 14. HP: 105/105 MP: 14/14
 14331 | D:9      | Reached skill level 10 in Armour
 14353 | D:9      | Identified the ring of Twilight {rPois Dex+4}
 14361 | D:9      | Identified the amulet of Helod {Faith Rampage rN+ Int+4}
 14363 | D:9      | Identified the ring of Anarchy {Wiz rF- Int+3 Dex+4}
 14385 | D:9      | XOM: noise
 14597 | D:10     | Entered Level 10 of the Dungeon
 14636 | D:10     | XOM: swap monsters
 14795 | D:10     | XOM: 2-stop teleportation journey
 14797 | D:10     | XOM: enchant monster (bad)
 14909 | D:11     | XOM: fake destruction
 14915 | D:11     | XOM: 1-stop teleportation journey
 14943 | D:11     | Noticed Lodul
 14946 | D:11     | XOM: fake destruction
 14963 | D:11     | Killed Lodul
 15022 | D:11     | XOM: silly message
 15041 | D:11     | XOM: confuse monster(s)
 15074 | D:11     | XOM: potion effect (heal wounds)
 15374 | D:10     | XOM: silly message
 15627 | D:10     | XOM: divination: detect creatures
 15690 | D:10     | XOM: potion effect (brilliance)
 15770 | D:10     | XOM: divination: detect creatures
 15900 | D:10     | Learned a level 1 spell: Apportation
 15980 | D:11     | XOM: give mutations
 15980 | D:11     | Gained mutation: Your mind is acute. (Int +4, Str/Dex -1)
                  | [Xom's grace]
 15980 | D:11     | Gained mutation: Your flesh is heat resistant. (rF+) [Xom's
                  | grace]
 15980 | D:11     | Gained mutation: You are partially covered in iridescent
                  | scales. (AC +2) [Xom's grace]
 15998 | D:11     | XOM: god gift: wand of charming (4)
 16078 | D:11     | Identified the +8 ring mail of the Black Moon {Will+}
 16255 | D:10     | XOM: scenery: summon butterflies
 16396 | Lair:1   | XOM: god gift: wand of iceblast (6)
 16424 | Lair:1   | XOM: cloud trail
 16432 | D:8      | XOM: scenery: summon butterflies
 16758 | D:12     | Found a staircase to the Orcish Mines.
 16758 | D:12     | Found Widghylev's Armour Emporium.
 16797 | D:12     | XOM: 3-stop teleportation journey
 17027 | D:12     | Found a runed translucent gate.
 17027 | D:12     | Found a runed translucent gate.
 17027 | D:12     | Found a runed translucent gate.
 17029 | D:12     | Noticed pokeman's ghost (journeyman DEHW)
 17171 | D:12     | Reached skill level 5 in Dodging
 17206 | D:12     | Found Zin's Purification Station.
 17209 | D:12     | Found a glowing silver altar of Zin.
 17214 | D:12     | Bought a potion of curing for 90 gold pieces
 17220 | D:12     | XOM: give mutations
 17220 | D:12     | Gained mutation: Your flesh is cold resistant. (rC+) [Xom's
                  | grace]
 17220 | D:12     | Gained mutation: You are mostly covered in iridescent
                  | scales. (AC +4) [Xom's grace]
 17273 | D:12     | XOM: give mutations
 17273 | D:12     | Gained mutation: Your mind is very acute. (Int +8, Str/Dex
                  | -2) [Xom's grace]
 17273 | D:12     | Gained mutation: Your tail ends in a venomous barb. [Xom's
                  | grace]
 17273 | D:12     | Gained mutation: You possess an exceptional clarity of
                  | mind. [Xom's grace]
 17273 | D:12     | Gained mutation: Your flesh is very heat resistant. (rF++)
                  | [Xom's grace]
 17276 | D:12     | XOM: fog
 17297 | D:12     | XOM: 1-stop teleportation journey
 17532 | D:13     | XOM: god gift: 4 stones
 17761 | D:13     | You fall into a shaft and drop 2 floors!
 17761 | D:15     | Entered Level 15 of the Dungeon
 17772 | D:15     | Learned a level 2 spell: Wereblood
 17876 | D:15     | Noticed Nessos
 17878 | D:15     | XOM: confuse monster(s)
 17882 | D:15     | Killed Nessos
 17906 | D:15     | Reached skill level 1 in Transmutations
 18022 | D:15     | XOM: scenery: create altars
 18026 | D:14     | XOM: confuse monster(s)
 18033 | D:14     | XOM: summons friendly iron imp
 18095 | D:14     | XOM: 5-stop teleportation journey
 18310 | D:14     | XOM: cast spell 'Summon Mana Viper'
 18818 | D:13     | Found a gate to the Vaults.
 18828 | D:13     | Reached XP level 15. HP: 106/113 MP: 15/15
 18883 | D:13     | Found Arovyqio's Distillery.
 18886 | D:13     | Bought a potion of heal wounds for 85 gold pieces
 18886 | D:13     | Bought a potion of curing for 51 gold pieces
 18886 | D:13     | Bought a potion of mutation for 136 gold pieces
 18995 | D:13     | XOM: 2-stop teleportation journey
 19116 | D:13     | XOM: divination: detect items
 19148 | D:13     | XOM: divination: magic mapping
 19275 | Orc:1    | Entered Level 1 of the Orcish Mines
 19335 | Orc:1    | XOM: stat loss: -1 Dex (13/14)
 19572 | Orc:2    | Entered Level 2 of the Orcish Mines
 19645 | Orc:2    | Noticed Erolcha
 19669 | Orc:2    | XOM: polymorph something unseen -> steam dragon
 19716 | Orc:2    | Found a staircase to the Elven Halls.
 19740 | Orc:2    | XOM: polymorph orc priest -> swamp drake
 19777 | Orc:2    | Found a dark tunnel.
 19794 | Volcano  | Entered a volcano
 20185 | Orc:2    | Killed Erolcha
 20339 | Orc:2    | Found Kicajaw's Jewellery Shoppe.
 20339 | Orc:2    | Found Vioti's Antique Weapon Shoppe.
 20340 | Orc:2    | Found Jeqouwis's Distillery.
 20344 | Orc:2    | Found Suru's Antique Armour Emporium.
 20348 | Orc:2    | Bought an encrusted long sword for 340 gold pieces
 20348 | Orc:2    | Identified the +7 long sword of the Zealous God {elec,
                  | Int+5 SInv} (You bought it in a shop on level 2 of the
                  | Orcish Mines)
 20349 | Orc:2    | Bought a potion of resistance for 150 gold pieces
 20349 | Orc:2    | Bought a potion of berserk rage for 75 gold pieces
 20349 | Orc:2    | Bought a potion of invisibility for 120 gold pieces
 20349 | Orc:2    | Bought a potion of mutation for 120 gold pieces
 20350 | Orc:2    | Bought a runed cloak for 292 gold pieces
 20811 | D:7      | Killed tnk's ghost
 21116 | D:9      | XOM is BORED!
 21116 | D:9      | XOM: draining
 21210 | Spider:1 | Entered Level 1 of the Spider Nest
 21210 | Spider:1 | Noticed Donald
 21493 | Shoals:1 | Entered Level 1 of the Shoals
 21519 | Shoals:1 | Identified the +8 chain mail of Articulation {rC+ MP+9
                  | Str+4}
 21529 | Shoals:1 | Noticed Mlioglotl
 21536 | Shoals:1 | XOM: summons 8 hostile demons
 21549 | Shoals:1 | Killed Mlioglotl
 21626 | Shoals:1 | XOM: 1-stop teleportation journey
 21635 | Shoals:1 | XOM: chaos upgrade
 21737 | Shoals:1 | XOM: 3-stop teleportation journey
 21770 | Shoals:1 | XOM: swap monsters
 21831 | Shoals:1 | XOM: enchant monster (bad)
 21834 | Shoals:1 | XOM: 1-stop teleportation journey
 21966 | Shoals:1 | XOM: noise
 22033 | Shoals:1 | Noticed a titan
 22037 | Shoals:1 | XOM: 5-stop teleportation journey
 22314 | Shoals:1 | Killed a titan
 22504 | Shoals:2 | Found a frozen archway.
 22522 | IceCv    | Entered an ice cave
 22548 | IceCv    | XOM: draining
 22561 | IceCv    | XOM: blink monster(s)
 22602 | IceCv    | XOM: summons 4 hostile shadow creatures
 22607 | IceCv    | XOM: enchant monster (bad)
 22608 | IceCv    | XOM: blink monster(s)
 22634 | IceCv    | XOM: 10-stop teleportation journey
 22759 | IceCv    | Reached skill level 5 in Transmutations
 22811 | IceCv    | Reached XP level 16. HP: 116/119 MP: 16/16
 22862 | IceCv    | XOM: divination: magic mapping
 22869 | IceCv    | XOM: smoke on damage
 23198 | Shoals:2 | XOM: summons 11 friendly demons
 23202 | Shoals:2 | Reached skill level 15 in Long Blades
 23229 | Shoals:2 | XOM: divination: magic mapping
 23535 | Shoals:3 | XOM: give mutations
 23535 | Shoals:3 | Gained mutation: You are completely covered in iridescent
                  | scales. (AC +6) [Xom's grace]
 23535 | Shoals:3 | Lost mutation: You are very frail. (-20% HP) [Xom's grace]
 23535 | Shoals:3 | Lost mutation: You have razor-sharp toenails. [Xom's grace]
 23535 | Shoals:3 | Lost mutation: You have sharp toenails. [Xom's grace]
 23535 | Shoals:3 | Gained mutation: You have large cloven feet. [Xom's grace]
 23535 | Shoals:3 | Gained mutation: You are agile. (Dex +4, Str/Int -1) [Xom's
                  | grace]
 24066 | Shoals:4 | Entered Level 4 of the Shoals
 24091 | Shoals:4 | XOM: divination: magic mapping
 24118 | Shoals:4 | Identified the +5 short sword of Dominance {freeze, Str+3
                  | Int+3}
 24360 | Shoals:4 | Got the Quarto of the Twelve Realms
 24439 | Shoals:4 | XOM: silly message
 24550 | Shoals:4 | XOM: divination: detect items
 24637 | Shoals:4 | XOM: cast spell 'Cause Fear'
 24651 | Shoals:4 | XOM: divination: magic mapping
 24687 | Shoals:4 | XOM: potion effect (brilliance)
 24740 | Shoals:4 | XOM: confuse monster(s)
 24780 | Shoals:3 | XOM: silly message
 24991 | Shoals:4 | Identified the +1 pair of gloves of Becuatirch {rC+ Regen+}
 25056 | Shoals:4 | XOM: divination: magic mapping
 25142 | Shoals:4 | Got a barnacled rune of Zot
 25625 | D:9      | XOM is BORED!
 25656 | D:7      | XOM: god gift: 51 gold pieces
 25667 | D:7      | Fell from the grace of Xom
 25667 | D:7      | Became a worshipper of Uskayaw the Reveller
 25797 | Lair:2   | Reached * piety under Uskayaw
 25802 | Lair:2   | Reached ** piety under Uskayaw
 25806 | Lair:2   | Reached *** piety under Uskayaw
 25886 | Lair:2   | Reached **** piety under Uskayaw
 26245 | Lair:2   | Reached XP level 17. HP: 129/144 MP: 17/17
 26383 | Spider:1 | Killed Donald
 26409 | Lair:2   | XOM: give mutations
 26409 | Lair:2   | Lost mutation: Your tail ends in a venomous barb. [Xom's
                  | mischief]
 26409 | Lair:2   | Lost mutation: You are frail. (-10% HP) [Xom's mischief]
 26572 | Spider:1 | XOM: summons 4 hostile demons
 26817 | Shoals:3 | XOM: summons 2 hostile shadow creatures
 26830 | Shoals:3 | Reached ***** piety under Uskayaw
 26839 | Shoals:3 | Reached ****** piety under Uskayaw
 27076 | Shoals:3 | Found a runed translucent door.
 27209 | Spider:1 | Found a runed translucent gate.
 27210 | Spider:1 | Found a runed translucent gate.
 27211 | Spider:1 | Found a runed translucent gate.
 27217 | Spider:1 | Noticed gregwegmann's ghost (journeyman DsFi)
 27900 | Spider:2 | Found a transporter.
 27904 | Spider:2 | Noticed NinjaNoafa's ghost (adept VSFi)
 27932 | Spider:2 | Found a transporter.
 28361 | Spider:2 | XOM: give mutations
 28361 | Spider:2 | Lost mutation: Your mind is very acute. (Int +8, Str/Dex
                  | -2) [Xom's mischief]
 28361 | Spider:2 | Lost mutation: You are completely covered in iridescent
                  | scales. (AC +6) [Xom's mischief]
 28655 | Spider:3 | Reached skill level 1 in Invocations
 29009 | Spider:3 | XOM: draining
 29120 | Spider:3 | XOM: noise
 29339 | Spider:4 | Entered Level 4 of the Spider Nest
 29375 | Spider:3 | XOM: give mutations
 29375 | Spider:3 | Lost mutation: You have a pair of small horns on your head.
                  | [Xom's mischief]
 29375 | Spider:3 | Lost mutation: You frequently scream uncontrollably at your
                  | foes. [Xom's mischief]
 29529 | Spider:4 | Noticed Roxanne
 29593 | Spider:4 | Killed Roxanne
 30216 | Spider:4 | XOM: fake destruction
 30237 | Spider:4 | Reached skill level 5 in Invocations
 30237 | Spider:4 | Reached XP level 18. HP: 170/172 MP: 4/21
 30349 | Spider:4 | Noticed Arachne
 30491 | Spider:4 | Reached skill level 15 in Stealth
 30501 | Spider:4 | Killed Arachne
 30547 | Spider:4 | XOM: noise
 30581 | Spider:4 | Noticed Bai Suzhen
 30595 | Spider:4 | Killed Bai Suzhen
 30602 | Spider:4 | Reached skill level 15 in Fighting
 30973 | Spider:4 | XOM: blink monster(s)
 31301 | Spider:4 | Got a gossamer rune of Zot
 31824 | Lair:1   | XOM: stat loss: -3 Dex (21/25)
 32064 | Elf:1    | Entered Level 1 of the Elven Halls
 32185 | Elf:1    | XOM: summons 1 hostile demon
 32202 | Elf:1    | XOM: noise
 32352 | Elf:1    | Found Rocas's Antique Armour Shoppe.
 32828 | Elf:1    | Got the Textbook on Summoned Impulse
 32878 | Elf:1    | XOM: torment (97/174 hp)
 33002 | Elf:1    | XOM: noise
 33186 | Elf:2    | Reached skill level 15 in Armour
 33536 | Elf:2    | Found a runed translucent gate.
 33536 | Elf:2    | Found a runed translucent gate.
 33536 | Elf:2    | Found a runed translucent gate.
 33697 | Elf:2    | XOM: torment (97/174 hp)
 33759 | Elf:3    | Entered Level 3 of the Elven Halls
 33788 | Elf:3    | Identified a scroll of acquirement
 33843 | Elf:3    | Found Heul's Antique Armour Shoppe.
 33846 | Elf:3    | Bought a jewelled ring mail for 270 gold pieces
 33846 | Elf:3    | Identified the +0 ring mail of Kimnywn {Drain Will- Regen+
                  | rCorr} (You bought it in a shop on level 3 of the Elven
                  | Halls)
 33915 | Elf:2    | XOM: give mutations
 33915 | Elf:2    | Gained mutation: You are frail. (-10% HP) [Xom's mischief]
 33915 | Elf:2    | Lost mutation: You possess an exceptional clarity of mind.
                  | [Xom's mischief]
 33915 | Elf:2    | Lost mutation: Your flesh is very heat resistant. (rF++)
                  | [Xom's mischief]
 33915 | Elf:2    | Lost mutation: Your flesh is cold resistant. (rC+) [Xom's
                  | mischief]
 33955 | Elf:2    | XOM: noise
 34077 | D:14     | XOM: summons 4 hostile demons
 34417 | Elf:3    | Identified the ring "Guafriy" {Fire *Corrode rN+ Dex+8
                  | Stlth-}
 34561 | Elf:3    | Reached skill level 10 in Invocations
 34561 | Elf:3    | Reached XP level 19. HP: 144/164 MP: 26/26
 34565 | Elf:3    | Identified the +10 scimitar "Puicitz" {freeze, *Noise rElec
                  | MP+9}
 34636 | Elf:3    | Acquired the +4 hat "Aciomaco" {rElec}
 34740 | Elf:3    | XOM: give mutation
 34740 | Elf:3    | Lost mutation: You have large cloven feet. [Xom's mischief]
 34846 | Elf:3    | Identified the ring of Koraof {Fly rC++ Dex-3}
 35275 | Elf:3    | Reached skill level 10 in Evocations
 35349 | Elf:3    | Identified the +0 spear "Armataur's Bane" {venom, Str+3}
 35437 | Elf:3    | Got Sif Muna's Compilation of the Wendigo and Shifting
 35701 | Elf:3    | Identified the ring of Mysticism {*Slow rF+ Dex+6 Stlth+}
 35990 | Vaults:1 | Entered Level 1 of the Vaults
 36020 | Vaults:1 | XOM: noise
 36318 | Vaults:1 | XOM: 3-stop teleportation journey
 36492 | Vaults:1 | Found a transporter.
 36502 | Vaults:1 | Found a transporter.
 36787 | Vaults:1 | XOM: give mutations
 36787 | Vaults:1 | Lost mutation: You are frail. (-10% HP) [Xom's mischief]
 36787 | Vaults:1 | Lost mutation: Your mind is acute. (Int +4, Str/Dex -1)
                  | [Xom's mischief]
 36787 | Vaults:1 | Was forgiven by Xom
 37846 | Vaults:2 | Identified the +4 battleaxe of Accord {vamp, Fly Str+2}
 37975 | Vaults:2 | Found Cuakexi's Jewellery Emporium.
 38216 | Vaults:2 | Reached XP level 20. HP: 190/190 MP: 28/28
 38583 | Vaults:2 | Found Cekueho's Armour Emporium.
 39108 | D:5      | Bought a tin of tremorstones (2/2) for 920 gold pieces
 39468 | Vaults:2 | Found Zeyma's Weapon Shoppe.
 39514 | Vaults:2 | Found a staircase to the Crypt.
 39915 | Vaults:3 | Found a crumbling gateway.
 39936 | Vaults:3 | Identified the ring "Zidaocw Sito" {rPois AC+4}
 39960 | Desolati | Entered the Desolation of Salt
 40294 | Desolati | Reached skill level 1 in Spellcasting
 40363 | Desolati | Identified the ring "Pasigg" {rC+ AC+4 SInv}
 40370 | Desolati | Identified the ring of Balance {Will- rCorr Str+5 Int+5}
 40492 | Desolati | Identified the +9 war axe of Paojoaq {freeze, rElec rPois}
 40516 | Desolati | Identified the +9 halberd of the Illusory Queens {distort,
                  | *Corrode rPois Int+4 Dex+2 SInv}
 40516 | Desolati | Identified the ring of Qeynloec {Fire rN+++ Str-5 Dex+5}
 40571 | Desolati | Got Sif Muna's Cyclopedia of Ashes and the Zephyr
 40642 | Desolati | Found the +7 great mace "Firestarter" {flame, inner flame,
                  | rF++}
 40897 | Desolati | Got the Teachings on the Atmosphere and Mud
 41213 | Vaults:3 | Found Gemm's Magic Scroll Emporium.
 41221 | Vaults:3 | Bought a scroll of fog for 72 gold pieces
 41253 | Vaults:3 | Reached XP level 21. HP: 195/196 MP: 31/31
 41305 | Vaults:3 | Noticed Sojobo
 41310 | Vaults:3 | Paralysed by an air elemental for 1 turns
 41323 | Vaults:3 | Killed Sojobo
 41576 | Vaults:3 | Reached skill level 10 in Dodging
 41820 | Vaults:3 | You fall into a shaft and drop 1 floor!
 42092 | Vaults:3 | Reached skill level 15 in Invocations
 44138 | D:15     | Found a staircase to the Depths.
 44355 | Depths:1 | Entered Level 1 of the Depths
 44946 | Depths:1 | Found a gateway to Hell.
 45249 | Depths:1 | Found an iron altar of Okawaru.
 45276 | Depths:1 | Found Xoxiraes's Jewellery Boutique.
 45278 | Depths:1 | Found Buesuuc's General Store.
 45280 | Depths:1 | Found Vuukeosu's Jewellery Boutique.
 45286 | Depths:1 | Bought a scroll of enchant weapon for 157 gold pieces
 45309 | Depths:1 | Reached XP level 22. HP: 177/207 MP: 31/33
 45446 | Depths:1 | Identified the ring "Riokuig" {Fire Str+3}
 45718 | Depths:1 | Found a portal to a secret trove of treasure.
 45793 | Depths:1 | You paid a toll of 7 scrolls of fog to enter a treasure
                  | trove
 45794 | Trove    | Entered a treasure trove
 45799 | Trove    | Found the +8 demon blade "Leech" {vamp, Harm Drain rN+}
 45799 | Trove    | Found the +3 robe of Clouds {*Thunder rCloud rElec}
 45811 | Trove    | Identified the +9 double sword of the Nexus {antimagic,
                  | +Blink Dex+2}
 45939 | Depths:2 | Found a one-way gate to the infinite horrors of the Abyss.
 46138 | Depths:2 | Noticed a golden dragon
 46151 | Depths:2 | Killed a golden dragon
 46372 | Depths:2 | Found a one-way gate leading to the halls of Pandemonium.
 46597 | Depths:2 | Reached skill level 15 in Shields
 46966 | Depths:3 | Noticed a golden dragon
 46976 | Depths:3 | Killed a golden dragon
 47406 | Depths:3 | Noticed a caustic shrike
 47423 | Depths:3 | Killed a caustic shrike
 47604 | Depths:3 | Noticed a juggernaut
 47619 | Depths:3 | Noticed a golden dragon
 47628 | Depths:3 | Killed a juggernaut
 47651 | Depths:3 | Killed a golden dragon
 47815 | Depths:3 | Reached XP level 23. HP: 218/218 MP: 34/34
 48123 | Depths:3 | Found a one-way gateway to a ziggurat.
 48510 | Depths:4 | Entered Level 4 of the Depths
 48510 | Depths:4 | Noticed a caustic shrike
 48510 | Depths:4 | Noticed a caustic shrike
 48510 | Depths:4 | Noticed a caustic shrike
 48510 | Depths:4 | Noticed a caustic shrike
 48787 | Depths:4 | Killed a caustic shrike
 48790 | Depths:4 | Killed a caustic shrike
 48805 | Depths:4 | Killed a caustic shrike
 48809 | Depths:4 | Killed a caustic shrike
 49191 | Depths:4 | Found a gate to the Realm of Zot.
 49801 | Vaults:5 | Entered Level 5 of the Vaults
 49829 | Vaults:5 | Noticed an ancient lich
 49842 | Vaults:5 | Killed an ancient lich
 49862 | Vaults:5 | Identified the +0 robe "Rol Huce" {Rampage Slay+4}
 49902 | Vaults:5 | Found Baaczuum's Assorted Antiques.
 50113 | Vaults:5 | Noticed a dread lich
 50125 | Vaults:5 | Killed a dread lich
 50214 | Vaults:5 | Noticed an ancient lich
 50218 | Vaults:5 | Noticed a dread lich
 50221 | Vaults:5 | Killed an ancient lich
 50228 | Vaults:5 | Killed a dread lich
 50244 | Vaults:5 | Identified the +12 falchion of Mutilation {spect, rElec
                  | Dex+3}
 50244 | Vaults:5 | Identified the ring of Dyleosej {rElec rC- rCorr MP+9}
 50246 | Vaults:5 | Reached XP level 24. HP: 225/236 MP: 21/34
 50394 | Vaults:5 | Identified the +4 arbalest of Due Proportion {freeze,
                  | Str+2}
 50417 | Vaults:5 | Got a silver rune of Zot
 50427 | Vaults:5 | Learned a level 2 spell: Blink
 50437 | Vaults:5 | Identified the +9 dagger "Cuivist" {freeze, rC+}
 50455 | Vaults:5 | Identified the +6 quarterstaff "Jusy" {heavy, *Corrode
                  | Will+ Dex+3 SInv}
 50499 | Vaults:5 | Reached skill level 1 in Translocations
 50741 | Vaults:5 | Got the Codex of the Boiling Point
 50743 | Vaults:5 | Got Etauguom's Directory of Rime
 51223 | Vaults:5 | Noticed a dread lich
 51235 | Vaults:5 | Killed a dread lich
 52060 | Zot:1    | Entered Level 1 of the Realm of Zot
 52060 | Zot:1    | Noticed a Killer Klown
 52060 | Zot:1    | Noticed a Killer Klown
 52060 | Zot:1    | Noticed an ancient lich
 52062 | Zot:1    | Noticed an orb of fire
 52066 | Zot:1    | Gained mutation: You sometimes lose your temper in combat.
                  | [an orb of fire]
 52070 | Zot:1    | Killed an orb of fire
 52071 | Zot:1    | Killed an ancient lich
 52072 | Zot:1    | Reached skill level 1 in Throwing
 52072 | Zot:1    | Killed a Killer Klown
 52073 | Zot:1    | Reached skill level 5 in Translocations
 52075 | Zot:1    | Killed a Killer Klown
 53130 | Zot:1    | Noticed an orb of fire
 53367 | Zot:2    | Reached skill level 5 in Throwing
 53470 | Zot:2    | Noticed a Killer Klown
 53486 | Zot:2    | Killed a Killer Klown
 54222 | Zot:2    | Identified the +6 battleaxe of Floods {holy, Fragile rC++
                  | rN+ Stlth+}
 54350 | Zot:3    | Identified the +3 leather armour of Luwk {rF+ Dex+5}
 54420 | Zot:3    | Reached XP level 25. HP: 247/247 MP: 1/35
 54576 | Zot:3    | Found a runed translucent gate.
 54576 | Zot:3    | Found a runed translucent gate.
 54580 | Zot:3    | Found a runed translucent gate.
 54581 | Zot:3    | Noticed Gehih's ghost (veteran MiBe)
 55542 | Zot:4    | Noticed a Killer Klown
 55571 | Zot:4    | Killed a Killer Klown
 55644 | Zot:4    | Found the ring of the Hare {EV+10}
 55709 | Zot:4    | Acquired the +2 helmet "Pomea" {rElec rPois Int+4}
 55843 | Zot:4    | Identified the +11 shortbow of Weak Indomitability
                  | {antimagic, rC- Str+7 SInv}
 56229 | Elf:3    | Bought a glowing cloak for 225 gold pieces
 56938 | Zot:5    | Entered Level 5 of the Realm of Zot
 57645 | Zot:5    | Noticed an orb of fire
 57647 | Zot:5    | Gained mutation: You are dopey. (Int -2) [an orb of fire]
 57648 | Zot:5    | Lost mutation: You are dopey. (Int -2) [an orb of fire]
 57658 | Zot:5    | Noticed an ancient lich
 57659 | Zot:5    | Gained mutation: You do not regenerate when monsters are
                  | visible. [an orb of fire]
 57667 | Zot:5    | Killed an orb of fire
 57671 | Zot:5    | Killed an ancient lich
 57761 | Zot:5    | Lost mutation: You are agile. (Dex +4, Str/Int -1) [potion
                  | of mutation]
 57761 | Zot:5    | Lost mutation: You are mostly covered in iridescent scales.
                  | (AC +4) [potion of mutation]
 57761 | Zot:5    | Lost mutation: You are partially covered in iridescent
                  | scales. (AC +2) [potion of mutation]
 57761 | Zot:5    | Lost mutation: You sometimes lose your temper in combat.
                  | [potion of mutation]
 57761 | Zot:5    | Gained mutation: Your flesh is cold resistant. (rC+)
                  | [potion of mutation]
 57761 | Zot:5    | Gained mutation: You are partially covered in iridescent
                  | scales. (AC +2) [potion of mutation]
 57761 | Zot:5    | Gained mutation: You frequently scream uncontrollably at
                  | your foes. [potion of mutation]
 57761 | Zot:5    | Gained mutation: You have hidden genetic potential. [potion
                  | of mutation]
 57761 | Zot:5    | Gained mutation: Your mind is acute. (Int +4, Str/Dex -1)
                  | [potion of mutation]
 57843 | Zot:5    | Noticed an orb of fire
 57843 | Zot:5    | Noticed an orb of fire
 57843 | Zot:5    | Gained mutation: You are weak. (Str -2) [an orb of fire]
 57865 | Zot:5    | Killed an orb of fire
 57877 | Zot:5    | Gained mutation: Your body sometimes deteriorates upon
                  | taking damage. [an orb of fire]
 57881 | Zot:5    | Lost mutation: You have hidden genetic potential. [an orb
                  | of fire]
 57885 | Zot:5    | Killed an orb of fire
 58020 | Zot:5    | Noticed an orb of fire
 58163 | Zot:5    | Noticed a Killer Klown
 58196 | Zot:5    | Killed a Killer Klown
 58432 | Zot:5    | Lost mutation: You are weak. (Str -2) [potion of mutation]
 58432 | Zot:5    | Lost mutation: You frequently scream uncontrollably at your
                  | foes. [potion of mutation]
 58432 | Zot:5    | Lost mutation: Your body sometimes deteriorates upon taking
                  | damage. [potion of mutation]
 58432 | Zot:5    | Lost mutation: You occasionally shout uncontrollably at
                  | your foes. [potion of mutation]
 58432 | Zot:5    | Lost mutation: Your flesh is heat resistant. (rF+) [potion
                  | of mutation]
 58432 | Zot:5    | Lost mutation: You are partially covered in iridescent
                  | scales. (AC +2) [potion of mutation]
 58432 | Zot:5    | Gained mutation: Your mind is very acute. (Int +8, Str/Dex
                  | -2) [potion of mutation]
 58432 | Zot:5    | Lost mutation: Your flesh is cold resistant. (rC+) [potion
                  | of mutation]
 58432 | Zot:5    | Gained mutation: You passively map a small area around you.
                  | [potion of mutation]
 58432 | Zot:5    | Lost mutation: Your mind is very acute. (Int +8, Str/Dex
                  | -2) [potion of mutation]
 58432 | Zot:5    | Gained mutation: You are vulnerable to heat. (rF-) [potion
                  | of mutation]
 58432 | Zot:5    | Lost mutation: Your mind is acute. (Int +4, Str/Dex -1)
                  | [potion of mutation]
 58432 | Zot:5    | Gained mutation: Your muscles are strong. (Str +4, Int/Dex
                  | -1) [potion of mutation]
 58433 | Zot:5    | Lost mutation: You passively map a small area around you.
                  | [potion of mutation]
 58433 | Zot:5    | Lost mutation: You do not regenerate when monsters are
                  | visible. [potion of mutation]
 58433 | Zot:5    | Lost mutation: Your muscles are strong. (Str +4, Int/Dex
                  | -1) [potion of mutation]
 58433 | Zot:5    | Lost mutation: You are vulnerable to heat. (rF-) [potion of
                  | mutation]
 58433 | Zot:5    | Gained mutation: Your mind is acute. (Int +4, Str/Dex -1)
                  | [potion of mutation]
 58433 | Zot:5    | Gained mutation: You have sharp toenails. [potion of
                  | mutation]
 58433 | Zot:5    | Gained mutation: Your movements are slightly less
                  | encumbered by armour. (ER -2) [potion of mutation]
 58433 | Zot:5    | Gained mutation: Your body sometimes deteriorates upon
                  | taking damage. [potion of mutation]
 58433 | Zot:5    | Gained mutation: Your spells are a little harder to cast,
                  | but a little more powerful. [potion of mutation]
 58536 | Zot:5    | Noticed a Killer Klown
 58699 | Zot:5    | Killed a Killer Klown
 58763 | Zot:5    | Reached skill level 15 in Evocations
 58775 | Zot:5    | Noticed a Killer Klown
 58803 | Zot:5    | Killed a Killer Klown
 59739 | Slime:1  | Entered Level 1 of the Pits of Slime
 60171 | Slime:3  | Reached XP level 26. HP: 254/255 MP: 20/36
 60507 | Slime:5  | Entered Level 5 of the Pits of Slime
 60538 | Slime:4  | Gained mutation: Your body often deteriorates upon taking
                  | damage. [a shining eye]
 60816 | Slime:5  | Found a viscous altar of Jiyva.
 60817 | Slime:5  | Noticed the Royal Jelly
 60870 | Slime:5  | Killed the Royal Jelly
 60871 | Slime:5  | Reached skill level 5 in Spellcasting
 61170 | Slime:3  | Gained mutation: You occasionally lose the ability to drink
                  | potions when taking damage. [a shining eye]
 61488 | Slime:5  | Identified the +2 pair of gloves "Rariuf" {Int+3}
 61496 | Slime:5  | Acquired the +3 barding of Awe {Str+3}
 61555 | Slime:5  | Identified the +4 scale mail of the Eight Boll Weevils {rC+
                  | rN+ MP+9 SInv}
 61575 | Slime:5  | Got a slimy rune of Zot
 61606 | Slime:5  | Identified the ring of Kelats Zeott {rPois rF++}
 62423 | D:12     | Killed pokeman's ghost
 62846 | Lair:5   | Learned a level 4 spell: Manifold Assault
 63133 | Shoals:3 | Acquired a manual of Translocations
 63156 | Shoals:3 | Identified the +1 leather armour "Zaustoe" {*Slow rElec
                  | rN+++ SInv}
 63441 | Spider:1 | Killed gregwegmann's ghost
 63463 | Spider:1 | Identified the amulet of the Ban {RegenMP rElec rC+ Stlth+}
 63639 | Spider:2 | Killed NinjaNoafa's ghost
 63655 | Spider:2 | Identified the ring "Motits" {Will+ Dex+2}
 64000 | Vaults:1 | Identified the ring of the Burning Pear {Fire rN++ Will-
                  | MP+9 Int+3}
 64459 | Zot:5    | Lost mutation: Your spells are a little harder to cast, but
                  | a little more powerful. [potion of mutation]
 64459 | Zot:5    | Lost mutation: Your body often deteriorates upon taking
                  | damage. [potion of mutation]
 64459 | Zot:5    | Lost mutation: You occasionally lose the ability to drink
                  | potions when taking damage. [potion of mutation]
 64459 | Zot:5    | Lost mutation: You have sharp toenails. [potion of
                  | mutation]
 64459 | Zot:5    | Gained mutation: Your body often deteriorates upon taking
                  | damage. [potion of mutation]
 64459 | Zot:5    | Lost mutation: Your mind is acute. (Int +4, Str/Dex -1)
                  | [potion of mutation]
 64459 | Zot:5    | Gained mutation: You are somewhat resistant to further
                  | mutation. [potion of mutation]
 64459 | Zot:5    | Lost mutation: You are somewhat resistant to further
                  | mutation. [potion of mutation]
 64459 | Zot:5    | Gained mutation: You are partially covered in iridescent
                  | scales. (AC +2) [potion of mutation]
 64459 | Zot:5    | Gained mutation: You are mostly covered in iridescent
                  | scales. (AC +4) [potion of mutation]
 64480 | Zot:5    | Noticed an orb of fire
 64599 | Zot:5    | Killed an orb of fire
 64613 | Zot:5    | Noticed an orb of fire
 64622 | Zot:5    | Gained mutation: Your spells are a little easier to cast,
                  | but a little less powerful. [an orb of fire]
 64625 | Zot:5    | Killed an orb of fire
 64639 | Zot:5    | Noticed an orb of fire
 64649 | Zot:5    | Gained mutation: You are frail. (-10% HP) [an orb of fire]
 64651 | Zot:5    | Gained mutation: You occasionally shout uncontrollably at
                  | your foes. [an orb of fire]
 64653 | Zot:5    | Noticed an orb of fire
 64654 | Zot:5    | Gained mutation: Your spells are easier to cast, but less
                  | powerful. [an orb of fire]
 64658 | Zot:5    | Killed an orb of fire
 64659 | Zot:5    | Gained mutation: Your magical capacity is low. (-10% MP)
                  | [an orb of fire]
 64661 | Zot:5    | Killed an orb of fire
 64662 | Zot:5    | Reached skill level 10 in Translocations
 64667 | Zot:5    | Noticed an orb of fire
 64673 | Zot:5    | Killed an orb of fire
 64674 | Zot:5    | Noticed an ancient lich
 64679 | Zot:5    | Killed an ancient lich
 64692 | Zot:5    | Noticed a dread lich
 64706 | Zot:5    | Killed a dread lich
 65146 | Zot:5    | Reached XP level 27. HP: 236/238 MP: 33/33
 65191 | Zot:5    | Found the +4 dragonskin cloak
 65191 | Zot:5    | Noticed Tiamat
 65201 | Zot:5    | Killed Tiamat
 65201 | Zot:5    | Noticed a dread lich
 65225 | Zot:5    | Gained mutation: You occasionally lose the ability to drink
                  | potions when taking damage. [an orb of fire]
 65613 | Zot:5    | Gained mutation: You do not regenerate when monsters are
                  | visible. [an orb of fire]
 65619 | Zot:5    | Gained mutation: You are weak. (Str -2) [an orb of fire]
 65620 | Zot:5    | Gained mutation: You are vulnerable to cold. (rC-) [an orb
                  | of fire]
 65621 | Zot:5    | Killed an orb of fire
 65622 | Zot:5    | Reached skill level 15 in Translocations
 65718 | Zot:5    | Lost mutation: You are vulnerable to cold. (rC-) [potion of
                  | mutation]
 65718 | Zot:5    | Lost mutation: Your spells are easier to cast, but less
                  | powerful. [potion of mutation]
 65718 | Zot:5    | Lost mutation: Your magical capacity is low. (-10% MP)
                  | [potion of mutation]
 65718 | Zot:5    | Lost mutation: Your movements are slightly less encumbered
                  | by armour. (ER -2) [potion of mutation]
 65718 | Zot:5    | Gained mutation: You are dopey. (Int -2) [potion of
                  | mutation]
 65718 | Zot:5    | Gained mutation: You are somewhat resistant to further
                  | mutation. [potion of mutation]
 65718 | Zot:5    | Gained mutation: You are agile. (Dex +4, Str/Int -1)
                  | [potion of mutation]
 65719 | Zot:5    | Lost mutation: You are mostly covered in iridescent scales.
                  | (AC +4) [potion of mutation]
 65719 | Zot:5    | Lost mutation: You are partially covered in iridescent
                  | scales. (AC +2) [potion of mutation]
 65719 | Zot:5    | Lost mutation: You are frail. (-10% HP) [potion of
                  | mutation]
 65719 | Zot:5    | Lost mutation: You are weak. (Str -2) [potion of mutation]
 65719 | Zot:5    | Lost mutation: You occasionally lose the ability to drink
                  | potions when taking damage. [potion of mutation]
 65719 | Zot:5    | Lost mutation: Your spells are a little easier to cast, but
                  | a little less powerful. [potion of mutation]
 65720 | Zot:5    | Lost mutation: You are agile. (Dex +4, Str/Int -1) [potion
                  | of mutation]
 65720 | Zot:5    | Lost mutation: You do not regenerate when monsters are
                  | visible. [potion of mutation]
 65720 | Zot:5    | Lost mutation: You are somewhat resistant to further
                  | mutation. [potion of mutation]
 65720 | Zot:5    | Lost mutation: You are dopey. (Int -2) [potion of mutation]
 65720 | Zot:5    | Gained mutation: You have large cloven feet. [potion of
                  | mutation]
 65720 | Zot:5    | Gained mutation: You have hidden genetic potential. [potion
                  | of mutation]
 65720 | Zot:5    | Lost mutation: You have hidden genetic potential. [potion
                  | of mutation]
 65720 | Zot:5    | Gained mutation: You are occasionally teleported next to
                  | monsters. [potion of mutation]
 65720 | Zot:5    | Gained mutation: Your flesh is heat resistant. (rF+)
                  | [potion of mutation]
 65721 | Zot:5    | Lost mutation: Your body often deteriorates upon taking
                  | damage. [potion of mutation]
 65721 | Zot:5    | Lost mutation: You have large cloven feet. [potion of
                  | mutation]
 65721 | Zot:5    | Lost mutation: Your body sometimes deteriorates upon taking
                  | damage. [potion of mutation]
 65721 | Zot:5    | Lost mutation: You are occasionally teleported next to
                  | monsters. [potion of mutation]
 65721 | Zot:5    | Gained mutation: You have large cloven feet. [potion of
                  | mutation]
 65721 | Zot:5    | Gained mutation: You are covered in fur. (AC +1) [potion of
                  | mutation]
 65721 | Zot:5    | Gained mutation: You passively map a small area around you.
                  | [potion of mutation]
 65721 | Zot:5    | Gained mutation: You possess an exceptional clarity of
                  | mind. [potion of mutation]
 65721 | Zot:5    | Gained mutation: You are clumsy. (Dex -2) [potion of
                  | mutation]
 65721 | Zot:5    | Gained mutation: You are partially covered in iridescent
                  | scales. (AC +2) [potion of mutation]
 65723 | Zot:5    | Got the Orb of Zot
 65973 | D:15     | Noticed Ymistu the pandemonium lord
 66218 | D:$      | Escaped with the Orb!

Illustrated notes

Levels and vault maps discovered:
D:1:      dpeg_arrival_pits, layout_basic
D:2:      layout_loops_ring, basic_altar, serial_shops, nicolae_shop_stone
D:3:      layout_loops_corners, mainiacjoe_overflow_six_doors_small
D:4:      cheibrodos_quashed, layout_loops_ring, cheibrodos_ashenzari_chains,
          uniq_eustachio
D:5:      layout_rooms, serial_shops, shop, serial_bayou, serial_bayou_shore_b,
          serial_bayou_shore_a, serial_bayou_ford_a, serial_bayou_lagoon_a,
          uniq_grinder, uniq_duvessa
D:6:      layout_rooms, minmay_temple_entry_glass
D:7:      layout_loops_ring, nicolae_overflow_crystal_walls,
          mainiacjoe_overflow_tiny_flanked, biasface_ghost_orc_armoury
D:8:      layout_basic, nzn_wu_jian_contemplation, lair_entry_dummy, uniq_grum
D:9:      minmay_the_grid_triangle_9x9_rhombus_thin_mashed
          [minmay_the_grid_triangle_9x9_sprig,
          minmay_the_grid_triangle_9x9_prize_special,
          minmay_the_grid_triangle_9x9_shrine,
          minmay_the_grid_triangle_9x9_intruding_spiral], layout_grid_maze
D:10:     nicolae_whirlpool, layout_long_grid, grunt_decor_clamped, minivault_16
D:11:     cheibrodos_orc_bank, layout_basic, uniq_lodul
D:12:     layout_loops_ring, orc_david_3, gammafunk_ghost_nasty_kobolds,
          zin_purify
D:13:     layout_gridville, erik_vaults_1, serial_shops,
          nicolae_shop_behind_doors
D:14:     layout_layer_cave, minmay_misc_feat_x
D:15:     gammafunk_enter_depths_forms, layout_long_grid, corexii_corridor_pit,
          uniq_nessos
Temple:   minmay_crystal_spiral_temple
Lair:1:   minmay_lair_oklob_chamber, layout_small_grid
Lair:2:   layout_small_grid, shoals_dummy_entry,
          nicolae_spider_entry_lesser_pyramids, serial_bayou_pond_e, pond,
          serial_bayou_shore_b, lemuel_fruit_fields, uniq_urug
Lair:3:   layout_cave_pods, gauntlet_entry_generic, uniq_gastronok
Lair:4:   layout_misc_corridors, gammafunk_lair_bear_cave
Lair:5:   wormcave, layout_cave_pods, guppyfry_lair_end_dragon,
          minmay_slime_entry_oklob_open, grunt_forest_stairs_basic
Shoals:1: cheibrodos_shoals_gigantism, layout_shoals,
          nicolae_shoals_flooded_hall, uniq_mlioglotl
Shoals:2: layout_shoals, portal_ice_cave_entry_dragon
Shoals:3: nicolae_shoals_offshore_bank_account, layout_shoals
Shoals:4: shoals_end_simple, layout_shoals
Spider:1: layout_spider_delve, gammafunk_ghost_split, uniq_donald
Spider:2: nicolae_spider_hilbert_zone_5 [nicolae_spider_hilbert_3_sides_1_open,
          nicolae_spider_hilbert_4_sides_1_open,
          nicolae_spider_hilbert_4_sides_1_open,
          nicolae_spider_hilbert_6_sides_1_open,
          nicolae_spider_hilbert_6_sides_1_open],
          gammafunk_ghost_berserking_beasts
Spider:3: layout_spider_delve, spiders_nest_ghost_moth_duel
Spider:4: johnstein_spider_rune_arachne_lair, uniq_bai_suzhen, uniq_arachne,
          uniq_roxanne
Slime:1:  layout_caves
Slime:2:  layout_caves
Slime:3:  layout_caves, nicolae_slime_rock_hall_of_fame
Slime:4:  layout_caves
Slime:5
Orc:1:    layout_caves, minmay_shop_enchanted_jewellery
Orc:2:    st_orc_mages, layout_caves, nicolae_volcano_entry_lava_flow,
          mines2_david, uniq_erolcha
Elf:1:    eino_elf_arrival_customs, layout_rooms, serial_shops,
          nicolae_shop_advertising_works [nicolae_subvault_shop_adworks],
          minmay_elf_sorcery, corner_web_ring, minivault_25_ag
Elf:2:    nicolae_elf_blades_splatter_lattice [nicolae_blade_bullseye],
          layout_geoelf_diagonals, hex_intersection
Elf:3:    grunt_elf_hall_branching, layout_loops_ring, serial_shops,
          nicolae_shop_behind_doors
Vaults:1: vaults_dpeg_diagonal, v_misc_2, ontoclasm_vaults_spin,
          hangedman_vaults_capsules, ontoclasm_vaults_loading_screen,
          nicolae_vaults_alarming, vaults_room_stairs_pillars,
          gammafunk_sealed_arena, layout_vaults_quadrants
Vaults:2: minmay_crypt_entry_simple_sparse, vaults_room_hangedman_quadrants,
          nicolae_vaults_big_ls, grunt_vaults_funnel,
          nicolae_vaults_ninety_degrees, vaults_mumra_hexcomb,
          hangedman_vaults_snaps, vaults_room_door_ring, v_misc_8,
          layout_vaults_big_room, serial_shops, shop, shop_coins, shop
Vaults:3: portal_desolation_entry_garden, nicolae_vaults_network_periphery,
          hangedman_vaults_nodes, vaults_mumra_chevron, vaults_room_fours,
          vaults_standard_mumra_lines, nicolae_vaults_angled_halls,
          hangedman_vaults_impose, nicolae_vaults_little_squares_6,
          vaults_room_grunt_arrival_ludios, st_check, layout_vaults_ring,
          serial_shops, shop, uniq_sojobo
Vaults:4: vaults_room_boxed, v_pattern_5, hangedman_vaults_stream,
          vaults_dpeg_encased_lava, vaults_room_octagon,
          nicolae_vaults_asterisk, nicolae_vaults_windows_and_doors_thing,
          dpeg_vaults_monster_box, vaults_room_grid,
          nicolae_vaults_ring_of_whatevers, layout_vaults_omnibox
Vaults:5: serial_shops
Depths:1: layout_cave_shapes, enter_trove_6, grunt_metal_band,
          roderic_malta_cross, okawaru_ov_weapons_minmay, minmay_shop_star
Depths:2: minmay_open_boxes_in_corner, layout_gridville,
          hangedman_abyss_or_decor_jellyfish_corner, hell_entry,
          rand_demon_pan_entry_8, abyss_entry
Depths:3: minmay_quarter_circles, layout_basic, enter_ziggurat_f,
          pf_hell_entry_tar_spiral, abyss_entry, corexii_corridor_pit,
          serial_bayou_shore_b
Depths:4: evilmike_zot_entry_basic, layout_cave_pools, minmay_hedge_maze,
          abyss_entry_small_statue_room, hell_entry, st_stairs_10
Zot:1:    ebering_klown_carousel, layout_cathedral_of_symmetry, nrook_zot_tub
Zot:2:    kennysheep_room_grid, layout_concentric_octagons
Zot:3:    layout_onion_interference, ebering_ghost_rock_garden
Zot:4:    layout_onion_interference, st_large_dragon_hoard_2
Zot:5:    layout_misc_corridors, uniq_tiamat

Skill      XL: |  1  2  3  4  5  6  7  8  9 10 11 12 13 14 15 16 17 18 19 20 21 22 23 24 25 26 27 |
---------------+----------------------------------------------------------------------------------+-----
Long Blades    | 3 4 5 7 8 9 11 13 14 15 16 | 16.0
Stealth        | 1 2 3 5 8 10 12 14 15 16 17 18 | 18.0
Shields        | 2 6 8 10 12 13 14 15 17 18 19 | 19.0
Dodging        | 2 3 5 7 9 10 12 13 | 13.0
Evocations     | 3 5 6 7 9 11 12 15 16 | 16.0
Fighting       | 4 6 10 11 12 13 14 15 16 19 20 | 20.0
Armour         | 5 8 9 11 13 15 17 | 17.0
Transmutations | 2 5 7 8 |  8.0
Invocations    | 5 10 11 13 15 16 18 20 | 20.0
Spellcasting   | 3 4 6 |  6.0
Translocations | 5 14 15 | 15.8
Throwing       | 5 6 9 |  9.0

Action                   |  1- 3 |  4- 6 |  7- 9 | 10-12 | 13-15 | 16-18 | 19-21 | 22-24 | 25-27 || total
-------------------------+-------+-------+-------+-------+-------+-------+-------+-------+-------++-------
Melee: Falchion          |   115 |     7 |       |       |       |       |       |       |       ||   122
       Tailslap          |    11 |     5 |    16 |    52 |   175 |   240 |   329 |   340 |   346 ||  1514
       Punch             |     1 |     1 |       |       |       |       |       |       |       ||     2
       Short sword       |     1 |       |       |       |    44 |    20 |       |       |       ||    65
       Long sword        |       |    70 |   133 |   261 |   852 |   963 |     8 |       |       ||  2287
       Kick              |       |       |       |    76 |    99 |   431 |     8 |       |    33 ||   647
       Headbutt          |       |       |       |    10 |   244 |   166 |       |       |       ||   420
       Mace              |       |       |       |     4 |     4 |       |       |       |       ||     8
       Scimitar          |       |       |       |       |     4 |       |  1049 |       |       ||  1053
       Quick blade       |       |       |       |       |       |    24 |   116 |     4 |       ||   144
       Demon blade       |       |       |       |       |       |       |    94 |  1337 |  1364 ||  2795
       Unarmed           |       |       |       |       |       |       |       |       |     2 ||     2
       Double sword      |       |       |       |       |       |       |       |       |     9 ||     9
Throw: Dart              |       |       |     1 |    11 |     4 |       |       |       |       ||    16
       Javelin           |       |       |       |       |       |     3 |       |       |     6 ||     9
       Throwing net      |       |       |       |       |       |     1 |       |       |     2 ||     3
 Cast: Wereblood         |       |       |       |       |     6 |    18 |    47 |    30 |    28 ||   129
       Blink             |       |       |       |       |       |       |       |       |     1 ||     1
       Manifold Assault  |       |       |       |       |       |       |       |       |     5 ||     5
Invok: Grand Finale      |       |       |       |       |       |       |     4 |     5 |     3 ||    12
       Stomp             |       |       |       |       |       |       |       |     1 |     1 ||     2
Evoke: Wand              |       |       |       |     1 |    13 |     5 |       |     1 |     5 ||    25
       Piece from Xom's  |       |       |       |     1 |     2 |       |       |       |       ||     3
       Phantom mirror    |       |       |       |     1 |     4 |     4 |     1 |     1 |     1 ||    12
       Condenser vane    |       |       |       |       |       |     5 |     7 |     6 |     4 ||    22
       Box of beasts     |       |       |       |       |       |       |       |     2 |     2 ||     4
       Tin of tremorston |       |       |       |       |       |       |       |     2 |       ||     2
  Use: Scroll            |       |     2 |     3 |     3 |    18 |    12 |    12 |     3 |    12 ||    65
       Potion            |       |     1 |       |     4 |     3 |     3 |     1 |     5 |    18 ||    35
 Stab: Confused          |     1 |       |     2 |       |     4 |     1 |       |       |       ||     8
       Sleeping          |       |     5 |     4 |     3 |    25 |    18 |    11 |    15 |    12 ||    93
       Invisible         |       |       |       |     9 |     8 |     2 |       |       |       ||    19
       Distracted        |       |       |       |     3 |    33 |    30 |     9 |     5 |     9 ||    89
       Paralysed         |       |       |       |       |       |    64 |   155 |   165 |   131 ||   515
       Held in net/web   |       |       |       |       |       |     1 |       |       |     2 ||     3
Armor: Leather armour    |    37 |    14 |       |       |       |       |       |       |       ||    51
       Ring mail         |       |     2 |       |       |   295 |   630 |       |       |       ||   927
       Scale mail        |       |     7 |    31 |    46 |    81 |       |       |       |       ||   165
       Storm dragon scal |       |       |       |       |       |   115 |     3 |       |       ||   118
       Troll leather arm |       |       |       |       |       |       |   420 |   532 |   422 ||  1374
Dodge: Dodged            |    55 |    26 |    21 |    85 |   179 |   354 |   503 |   657 |   477 ||  2357
       Repelled          |       |       |     1 |     2 |       |       |       |       |       ||     3
Block: Other             |       |     3 |     1 |       |       |       |       |       |       ||     4
       Reflection        |       |     1 |     1 |       |       |    20 |    39 |    18 |    16 ||    95
       Kite shield       |       |       |    33 |    99 |   408 |   479 |   702 |   870 |   614 ||  3205
       Buckler           |       |       |       |       |       |   189 |       |       |       ||   189

Table legend: (Time is in decaauts)
 A = Elapsed time spent in this place.
 B = Non-inter-level travel time spent in this place.
 C = Inter-level travel time spent in this place.
 D = Time resting spent in this place.
 E = Time spent auto-exploring this place.
 F = Levels seen in this place.
 G = Mean time per level.
                   A        B        C        D        E       F      G
               +--------+--------+--------+--------+--------+-----+--------+
         Total |  64517 |  53738 |  10779 |   8067 |  30744 |  58 | 1112.4 |
       Dungeon |  16176 |  11834 |   4342 |   1172 |   8172 |  15 | 1078.4 |
        Temple |     88 |     52 |     36 |      0 |     45 |   1 |   88.0 |
          Lair |   8766 |   6991 |   1775 |   1422 |   3727 |   5 | 1753.2 |
        Shoals |   4032 |   3595 |    437 |    362 |   2168 |   4 | 1008.0 |
   Spider Nest |   4809 |   4550 |    259 |   1034 |   2121 |   4 | 1202.2 |
    Slime Pits |   1805 |   1719 |     86 |    611 |    315 |   5 |  361.0 |
  Orcish Mines |   1273 |    997 |    276 |      0 |    630 |   2 |  636.5 |
   Elven Halls |   3912 |   3171 |    741 |    583 |   1570 |   3 | 1304.0 |
        Vaults |   8831 |   7566 |   1265 |    638 |   5127 |   5 | 1766.2 |
        Depths |   4845 |   4086 |    759 |    188 |   2748 |   4 | 1211.2 |
           Zot |   7678 |   6881 |    797 |   1909 |   3192 |   5 | 1535.6 |
         Trove |     40 |     40 |      0 |      0 |      5 |   1 |   40.0 |
      Ice Cave |    440 |    440 |      0 |    104 |    101 |   1 |  440.0 |
       Volcano |    243 |    243 |      0 |      0 |      4 |   1 |  243.0 |
    Desolation |    958 |    958 |      0 |     15 |    473 |   1 |  958.0 |
      Gauntlet |    615 |    615 |      0 |     27 |    345 |   1 |  615.0 |
               +--------+--------+--------+--------+--------+-----+--------+

Top non-repeatable levels by time:
   Zot:5: 3028 daAuts
  Lair:5: 2363 daAuts
Spider:4: 2231 daAuts
  Lair:2: 2182 daAuts
Vaults:1: 1982 daAuts
Depths:3: 1946 daAuts
Vaults:5: 1916 daAuts
Vaults:3: 1795 daAuts
Vaults:2: 1785 daAuts
  Lair:1: 1772 daAuts
     D:9: 1766 daAuts
   Elf:3: 1743 daAuts
    D:15: 1529 daAuts
   Zot:1: 1403 daAuts
    D:10: 1401 daAuts
